 Dungeon Crawl Stone Soup version 0.31-a0-889-g1a8549509d (webtiles) character file.

Game seed: 867022023972547778

60 Forgeling the Magician (level 3, -5/19 HPs)
             Began as a Deep Elf Hedge Wizard on Oct 16, 2023.
             Was an Initiate of Sif Muna.
             Slain by a sleepcap (18 damage)
             ... on level 2 of the Dungeon.
             The game lasted 00:08:04 (2077 turns).

Forgeling the Magician (Deep Elf Hedge Wizard)      Turns: 2077, Time: 00:08:04

Health: -5/19      AC:  2    Str:  7    XL:     3   Next: 82%
Magic:  7/11       EV:  2    Int: 20    God:    Sif Muna [......]
Gold:   59         SH:  0    Dex: 14    Spells: 4/11 levels left

rFire   . . .        a - +0 dagger
rCold   . . .        (no shield)
rNeg    . . .        b - +0 robe
rPois   .            c - +0 hat
rElec   .            (no cloak)
rCorr   .            (no gloves)
SInv    .            (no boots)
Will    .....        (no amulet)
Stlth   ++           (no ring)
HPRegen 0.23/turn    (no ring)
MPRegen 0.12/turn

%: no passive effects
@: sleeping
A: no striking features
a: Renounce Religion


You were on level 2 of the Dungeon.
You worshipped Sif Muna.
Sif Muna was noncommittal.
You visited 1 branch of the dungeon, and saw 3 of its levels.

You collected 59 gold pieces.

Inventory:

Hand Weapons
 a - a +0 dagger (weapon)
Armour
 b - a +0 robe (worn)
 c - a +0 hat (worn)
Wands
 e - a wand of paralysis (6)
Scrolls
 f - a scroll of summoning {unknown}
 h - a scroll of enchant armour {unknown}
 i - a scroll of teleportation {unknown}
 j - 2 scrolls of enchant weapon {unknown}
Potions
 d - a potion of brilliance {unknown}
 g - a potion of enlightenment {unknown}
 Q - 2 potions of magic


   Skills:
 - Level 2.4 Dodging
 - Level 2.4 Stealth
 - Level 4.6 Spellcasting
 - Level 3.2 Conjurations
 - Level 1.1 Summonings
 - Level 1.1 Translocations
 + Level 1.3 Air Magic
 * Level 1.1 Poison Magic


You had 4 spell levels left.
You knew the following spells:

 Your Spells              Type           Power      Damage    Failure   Level
a - Magic Dart            Conj           68%        1d6       3%          1
d - Mephitic Cloud        Conj/Pois/Air  12%        N/A       17%         3
r - Swiftness             Air            9%         N/A       22%         3

Your spell library contained the following spells:

 Spells                   Type           Power      Damage    Failure   Level
 Apportation              Tloc           18%        N/A       8%          1
 Summon Small Mammal      Summ           36%        N/A       8%          1
 Necrotise                Necr           16%        1d4       12%         1
 Slow                     Hex            16%        N/A       12%         1
 Blink                    Tloc           18%        N/A       12%         2
 Call Imp                 Summ           18%        N/A       12%         2
 Cigotuvi's Dreadful Rot  Necr/Pois/Air  14%        N/A       13%         2
 Ensorcelled Hibernation  Hex/Ice        8%         N/A       19%         2
 Passwall                 Tmut/Erth      3%         N/A       19%         2
 Ozocubu's Armour         Ice            4%         N/A       36%         3
 Ozocubu's Refrigeration  Ice            2%         4d7       100%        7


Dungeon Overview and Level Annotations

Branches:
Dungeon (3/15)

Altars:
Hepliaklqana
Ru
Sif Muna
Uskayaw
Xom

Annotations:
D:2 Jessica


Message History

An adder comes into view.
You start resting.
An adder is nearby!
Casting: Magic Dart (safe; 3% risk of failure)
Confirm with . or Enter, or press ? or * to list all spells.
Aiming: Magic Dart (safe; 3% risk of failure)
Press: ? - help, Shift-Dir - straight line, f - adder
Aim: an adder (wandering, hasn't noticed you, 100% to hit)
The magic dart hits the adder.
The adder is heavily wounded.
The adder hisses angrily.
Casting: Magic Dart (safe; 3% risk of failure)
Confirm with . or Enter, or press ? or * to list all spells.
Aiming: Magic Dart (safe; 3% risk of failure)
Press: ? - help, Shift-Dir - straight line, f/p - adder
Aim: an adder (heavily wounded, 100% to hit)
The magic dart hits the adder.
The adder is almost dead.
Casting: Magic Dart (safe; 3% risk of failure)
Confirm with . or Enter, or press ? or * to list all spells.
Aiming: Magic Dart (safe; 3% risk of failure)
Press: ? - help, Shift-Dir - straight line, f/p - adder
Aim: an adder (almost dead, 100% to hit)
The magic dart hits the adder.
You kill the adder!
Your Poison Magic skill increases to level 1!
Press: ? - help, v - describe, . - travel
Here: a sleepcap The floor.
Unknown command.
Aiming: Paralyse
Press: ? - help, Shift-Dir - straight line, f - sleepcap
Aim: a sleepcap (chance to affect: 57%)
The sleepcap resists with significant effort.
The sleepcap releases spores at you!
You are engulfed in a cloud of soporific spores!
You fall asleep.
The sleepcap releases spores at you!!
Ouch! That really hurt!
You die...

......# ......# S.. .. ###......#
######.###. .........#
#.......... # .........#
#.#......##. ...## #.#.#........
..).# #.#........# ###.#
#.#.[......#
..#.#+#######...@....#
..#...........#.#f...#
..#.......###.#.#.##.#
..........# #.#.#.##.#
..........###.#.#.######
.........#...............
..#+###.....###.#.###############
..#.........# #.#.......#...f....
.##.........###.........#f######.


You could see a sleepcap.

Vanquished Creatures
  An adder (D:2)
  A dart slug (D:1)
  5 orcs (D:3)
  4 ball pythons
  A bat (D:1)
  6 endoplasms
  2 giant cockroaches
  3 hobgoblins (D:3)
  A jackal (D:1)
  A kobold (D:2)
  A quokka (D:1)
  6 frilled lizards
  3 goblins
  8 rats
43 creatures vanquished.

Notes
Turn   | Place    | Note
-------+----------+-------------------------------------------
     0 | D:1      | Forgeling the Deep Elf Hedge Wizard began the quest for the
                  | Orb.
     0 | D:1      | Reached XP level 1. HP: 10/10 MP: 7/7
   198 | D:1      | Reached XP level 2. HP: 15/15 MP: 5/9
   901 | D:1      | Found a faded altar of an unknown god.
  1159 | D:2      | Noticed Jessica
  1323 | D:2      | Reached XP level 3. HP: 19/19 MP: 9/11
  1327 | D:2      | Learned a level 3 spell: Swiftness
  1394 | D:3      | Found a sacrificial altar of Ru.
  1396 | D:3      | Found a shimmering blue altar of Sif Muna.
  1398 | D:3      | Found a hide-covered altar of Uskayaw.
  1404 | D:3      | Became a worshipper of Sif Muna the Loreminder
  1445 | D:3      | Learned a level 3 spell: Mephitic Cloud
  1731 | D:3      | Reached skill level 1 in Air Magic
  1826 | D:3      | Found a shimmering altar of Xom.
  1827 | D:3      | Found a hazy altar of Hepliaklqana.
  1827 | D:3      | Noticed a will-o-the-wisp
  1828 | D:3      | Noticed a spectral ugly thing
  1828 | D:3      | Noticed a will-o-the-wisp
  2073 | D:2      | Reached skill level 1 in Poison Magic
  2077 | D:2      | Slain by a sleepcap

Illustrated notes

Levels and vault maps discovered:
D:1:      ncdulo_smallfort, layout_basic, chequers_ecumenical_altar_simple
D:2:      layout_basic, uniq_jessica
D:3:      layout_loops_cross, regret_index_temple_of_mockery,
          grunt_temple_overflow_open, serial_bayou_pond_d, grunt_ministairs_12

Skill      XL: |  1  2  3 |
---------------+----------+-----
Conjurations   | 2 3 |  3.2
Air Magic      | 1 |  1.3
Poison Magic   | 1 |  1.1
Dodging        | |  2.4
Stealth        | |  2.4
Spellcasting   | |  4.6
Summonings     | |  1.1
Translocations | |  1.1

Action                     || total
---------------------------++-------
   Cast: Magic Dart        ||    99
  Evoke: Wand              ||     1
 Armour: Robe              ||    15
  Dodge: Dodged            ||     9

Table legend: (Time is in decaauts)
 A = Elapsed time spent in this place.
 B = Non-inter-level travel time spent in this place.
 C = Inter-level travel time spent in this place.
 D = Time resting spent in this place.
 E = Time spent auto-exploring this place.
 F = Levels seen in this place.
 G = Mean time per level.
                   A        B        C        D        E       F      G
               +--------+--------+--------+--------+--------+-----+--------+
         Total |   2077 |   1916 |    161 |    343 |   1029 |   3 |  692.3 |
       Dungeon |   2077 |   1916 |    161 |    343 |   1029 |   3 |  692.3 |
               +--------+--------+--------+--------+--------+-----+--------+

Top non-repeatable levels by time:
     D:1: 1006 daAuts
     D:3: 791 daAuts
     D:2: 279 daAuts
